 Dungeon Crawl Stone Soup version 0.31.0-11-ge490571c62 (webtiles) character file.

Game seed: 4694430549303032680

516256 gohu the Axe Maniac (level 25, -35/231 HPs)
             Began as a Hill Orc Fighter on Jan 26, 2024.
             Was the Champion of Hepliaklqana.
             Killed from afar by an ancient lich (79 damage)
             ... with a crystal spear
             ... on level 5 of the Vaults on Jan 28, 2024.
             The game lasted 02:29:52 (55118 turns).

gohu the Axe Maniac (Hill Orc Fighter)             Turns: 55118, Time: 02:29:53

Health: -35/231    AC: 42    Str: 42    XL:     25   Next: 18%
Magic:  1/36       EV: 10    Int:  8    God:    Hepliaklqana [******]
Gold:   5353       SH: 19    Dex: 13    Spells: 29/30 levels left

rFire   + . .        S - +9 broad axe (flame)
rCold   + . .        c - +5 Storm Queen's Shield {shock, Fly rElec}
rNeg    + . .        C - +4 gold dragon scales
rPois   +            y - +2 hood of the Assassin {Detect Stab+ Stlth++}
rElec   +            z - +1 cloak
rCorr   .            K - +2 pair of gloves {infuse}
SInv    .            G - +0 pair of boots of Eternity {Str+5 Dex+3}
Will    ++++.        H - amulet of the Four Winds {rN+ Will+++ Clar} Stlth
                     i - +6 ring of strength
HPRegen 0.58/turn    m - +4 ring of protection
MPRegen 0.25/turn

%: clarity, infuse magic (1 MP)
@: flying
A: reduced essence
}: 3/15 runes: decaying, serpentine, silver
a: Renounce Religion, Recall Ancestor, Ancestor Identity, Transference, Idealise


You were on level 5 of the Vaults.
You worshipped Hepliaklqana.
Hepliaklqana was exalted by your worship.
You visited 9 branches of the dungeon, and saw 43 of its levels.
You also visited: Wizlab.

You collected 7181 gold pieces.
You spent 1828 gold pieces at shops.

Inventory:

Hand Weapons
 S - a +9 broad axe of flaming (weapon)
 X - a +0 broad axe of chaos
Missiles
 b - 7 boomerangs
 d - 3 throwing nets
 n - 12 javelins (quivered)
Armour
 c - the +5 Storm Queen's Shield (worn) {shock, Fly rElec}
   (You found it on level 11 of the Dungeon)

   Shock:     When it blocks an attack, it may electrocute the attacker.
   This works even against foes who are a short distance away.
   rElec:     It insulates you from electricity.
   Fly:       It grants you flight.
 f - a +2 pair of boots of rampaging
 r - a +1 tower shield of reflection
 y - the +2 hood of the Assassin (worn) {Detect Stab+ Stlth++}
   (You found it on level 13 of the Dungeon)

   Detect:    It allows the wearer to sense nearby creatures.
   Stab+:     It allows the wearer to make particularly effective stabbing
   attacks against helpless or unaware enemies with any weapon.
   Stlth++:   It makes you much more stealthy.
 z - a +1 cloak (worn)
 C - +4 gold dragon scales (worn)
 G - the +0 pair of boots of Eternity (worn) {Str+5 Dex+3}
   (You found it on level 3 of the Elven Halls)

   Str+5:     It affects your strength (+5).
   Dex+3:     It affects your dexterity (+3).
 K - a +2 pair of gloves of infusion (worn)
Jewellery
 i - a +6 ring of strength (left hand)
 l - a ring of resist corrosion
 m - a +4 ring of protection (right hand)
 p - a +5 ring of evasion
 v - a ring of poison resistance
 x - a ring of protection from fire
 A - the ring of Hotzeergh {rPois rN+ Will- MP-9 Int+5}
   (You took it off a deep elf master archer on level 3 of the Elven Halls)

   [ring of positive energy]

   Int+5:     It affects your intelligence (+5).
   rPois:     It protects you from poison rN+: It protects you from negative
   energy.
   Will-:     It decreases your willpower.
   MP-9:      It affects your magic capacity (-9).
 E - a ring of protection from cold
 H - the amulet of the Four Winds (around neck) {rN+ Will+++ Clar}
   (You found it on level 1 of the Snake Pit)

   [amulet of nothing]

   rN+:       It protects you from negative energy.
   Will+++:   It greatly increases your willpower.
   Clar:      It protects you from confusion, rage, mesmerisation and fear.
 I - the ring of Xom's Bemusement {rPois rF+ rN+ Str-3 Dex+4}
   (You took it off a deep elf annihilator on level 3 of the Elven Halls)

   [ring of protection from fire]

   Str-3:     It affects your strength (-3).
   Dex+4:     It affects your dexterity (+4).
   rF+:       It protects you from fire.
   rPois:     It protects you from poison rN+: It protects you from negative
   energy.
 Y - an amulet of regeneration
Wands
 q - a wand of mindburst (44)
 t - a wand of roots (33)
 D - a wand of paralysis (55)
 T - a wand of acid (20)
 U - a wand of polymorph (7)
 V - a wand of digging (29)
Scrolls
 k - 9 scrolls of fog
 o - 3 scrolls of amnesia
 w - 11 scrolls of teleportation
 F - a scroll of butterflies
 J - 6 scrolls of blinking
 N - 13 scrolls of identify
 O - a scroll of enchant weapon
 P - 9 scrolls of revelation
 R - 11 scrolls of fear
 W - 2 scrolls of immolation
Potions
 e - 4 potions of cancellation
 g - 10 potions of mutation
 h - 6 potions of resistance
 j - 3 potions of berserk rage
 s - 4 potions of enlightenment
 u - 18 potions of curing
 B - 2 potions of invisibility
 L - 10 potions of lignification
 M - 7 potions of heal wounds
 Q - 8 potions of might
 Z - 8 potions of haste
Miscellaneous
 a - a phantom mirror


   Skills:
 O Level 27 Fighting
 O Level 27 Axes
 - Level 12.0 Throwing
 - Level 21.7 Armour
 - Level 4.6 Dodging
 - Level 17.7 Shields
 * Level 3.4 Spellcasting
 * Level 3.8 Translocations
 - Level 19.9 Invocations
 - Level 3.4 Evocations


You had 29 spell levels left.
You knew the following spells:

 Your Spells              Type           Power      Damage    Failure   Level
a - Apportation           Tloc           14%        N/A       36%         1

Your spell library contained the following spells:

 Spells                   Type           Power      Damage    Failure   Level
 Blink                    Tloc           14%        N/A       50%         2
 Lesser Beckoning         Tloc           14%        N/A       50%         2
 Gell's Gravitas          Tloc           7%         N/A       73%         3
 Teleport Other           Tloc           7%         N/A       73%         3
 Foxfire                  Conj/Fire      4%         2x1d4     87%         1
 Magic Dart               Conj           4%         1d3       87%         1
 Necrotise                Necr           4%         1d4       87%         1
 Slow                     Hex            4%         N/A       87%         1
 Sting                    Conj/Alch      4%         1d3       87%         1
 Summon Small Mammal      Summ           4%         N/A       87%         1
 Volatile Blastmotes      Fire/Tloc      8%         2d10      94%         3
 Call Imp                 Summ           2%         N/A       95%         2
 Cigotuvi's Dreadful Rot  Necr/Alch/Air  2%         N/A       95%         2
 Ensorcelled Hibernation  Hex/Ice        2%         N/A       95%         2
 Jinxbite                 Hex            2%         N/A       95%         2
 Mercury Vapours          Alch/Air       2%         N/A       95%         2
 Static Discharge         Conj/Air       2%         3-4/arc   95%         2
 Sublimation of Blood     Necr           1%         N/A       95%         2
 Manifold Assault         Tloc           7%         N/A       98%         4
 Passage of Golubria      Tloc           7%         N/A       98%         4
 Confusing Touch          Hex            1%         N/A       99%         3
 Dazzling Flash           Conj/Hex       2%         N/A       99%         3
 Frozen Ramparts          Ice            2%         1d1       99%         3
 Fugue of the Fallen      Necr           1%         N/A       99%         3
 Hailstorm                Conj/Ice       1%         3d5       99%         3
 Inner Flame              Hex/Fire       1%         N/A       99%         3
 Mephitic Cloud           Conj/Alch/Air  1%         N/A       99%         3
 Ozocubu's Armour         Ice            1%         N/A       99%         3
 Sigil of Binding         Hex            1%         N/A       99%         3
 Summon Ice Beast         Ice/Summ       1%         N/A       99%         3
 Tukima's Dance           Hex            1%         N/A       99%         3
 Vampiric Draining        Necr           1%         2d6       99%         3
 Airstrike                Air            0%         2d(1-17)  100%        4
 Anguish                  Hex/Necr       0%         N/A       100%        4
 Animate Armour           Summ/Erth      2%         N/A       100%        4
 Flame Wave               Conj/Fire      1%         2d4       100%        4
 Fulminant Prism          Conj/Alch      0%         3d5       100%        4
 Ignite Poison            Fire/Alch      1%         N/A       100%        4
 Iskenderun's Mystic Bla  Conj/Tloc      4%         2d3       100%        4
 Leda's Liquefaction      Alch/Erth      0%         N/A       100%        4
 Olgreb's Toxic Radiance  Alch           1%         N/A       100%        4
 Petrify                  Alch/Erth      1%         N/A       100%        4
 Sticky Flame             Fire/Alch      1%         2d4       100%        4
 Summon Lightning Spire   Summ/Air       1%         N/A       100%        4
 Alistair's Intoxication  Alch           0%         N/A       100%        5
 Curse of Agony           Necr           1%         N/A       100%        5
 Freezing Cloud           Conj/Ice/Air   0%         6-21      100%        5
 Irradiate                Conj/Alch      0%         3d11      100%        5
 Iskenderun's Battlesphe  Conj           1%         2d6       100%        5
 Lee's Rapid Deconstruct  Erth           0%         3d4*      100%        5
 Metabolic Englaciation   Hex/Ice        0%         N/A       100%        5
 Silence                  Hex/Air        0%         N/A       100%        5
 Summon Forest            Summ/Tloc      2%         N/A       100%        5
 Summon Mana Viper        Hex/Summ       1%         N/A       100%        5
 Yara's Violent Unravell  Hex/Alch       0%         3d3       100%        5
 Bombard                  Conj/Erth      0%         9d1       100%        6
 Conjure Ball Lightning   Conj/Air       0%         3x3d6     100%        6
 Dispersal                Tloc           3%         N/A       100%        6
 Eringya's Noxious Bog    Alch           0%         4d6       100%        6
 Plasma Beam              Fire/Air       0%         2x1d10    100%        6
 Sculpt Simulacrum        Ice/Alch       0%         N/A       100%        6
 Starburst                Conj/Fire      0%         6d3       100%        6
 Haunt                    Necr/Summ      0%         N/A       100%        7
 Monstrous Menagerie      Summ           0%         N/A       100%        7
 Ozocubu's Refrigeration  Ice            0%         4d7       100%        7
 Spellforged Servitor     Conj/Summ      0%         N/A       100%        7
 Summon Hydra             Summ           0%         N/A       100%        7
 Borgnjor's Revivificati  Necr           0%         N/A       100%        8
 Discord                  Hex            0%         N/A       100%        8
 Disjunction              Tloc           3%         N/A       100%        8
 Ignition                 Fire           0%         3d3       100%        8
 Maxwell's Capacitive Co  Air            0%         ∞         100%        8
 Chain Lightning          Conj/Air       0%         2d1       100%        9
 Death's Door             Necr           0%         N/A       100%        9
 Fire Storm               Conj/Fire      0%         6d1       100%        9
 Polar Vortex             Ice            0%         N/A       100%        9
 Shatter                  Erth           0%         3d5*      100%        9


Dungeon Overview and Level Annotations

Branches:
Dungeon (15/15)            Temple (1/1) D:5            Lair (5/5) D:9
  Swamp (4/4) Lair:2        Snake (4/4) Lair:3        Slime (0/5) Lair:5
    Orc (2/2) D:11            Elf (3/3) Orc:2        Vaults (5/5) D:14
  Crypt (0/3) Vaults:3     Depths (4/4) D:15            Zot (0/5) Depths:4
 WizLab (visited)

Altars:
Ashenzari
Cheibriados
Dithmenos
Elyvilon
Fedhas
Gozag
Hepliaklqana
Kikubaaqudgha
Makhleb
Nemelex Xobeh
Okawaru
Qazlal
Ru
Sif Muna
Trog
Uskayaw
Vehumet
Wu Jian
Xom
Yredelemnul
Zin
The Shining One
Beogh

Shops:
D:6 (   D:12 !   Orc:2 !(*!   Snake:2 *   Snake:3 :   Vaults:1 :

Portals:
Hell: Depths:1 Depths:2 Depths:4
Abyss: Depths:1 Depths:3 Depths:4
Pandemonium: Depths:2
Ziggurat: Depths:1

Annotations:
D:3 1 runed translucent door, Crazy Yiuf
D:5 2 transporters
D:6 2 transporters, dakkaduck's ghost, novice MiBe
D:11 3 runed translucent doors
Elf:2 3 runed translucent doors
Elf:3 Roxanne


Message History

Your butterfly disappears in a burst of colours!
Something touches your butterfly!!
Your butterfly dies!
Your butterfly disappears in a burst of colours!
Something completely misses your butterfly.
Something closely misses your butterfly.
Something bites your butterfly.
Your butterfly dies!
Your butterfly disappears in a burst of colours!
The stone giant closely misses your butterfly.
A storm dragon comes into view.
You barely miss something. Something touches you!
* * * LOW HITPOINT WARNING * * *
You barely miss something.
The stone giant throws a large rock.
The vault guard hits your butterfly with a +0 long sword!!
Your butterfly dies!
Your butterfly disappears in a burst of colours!
Something touches you but does no damage.
You hit something but do no damage.
You hit the storm dragon but do no damage.
The storm dragon breathes lightning at you.
The bolt of lightning hits you! You resist.
* * * LOW HITPOINT WARNING * * *
The bolt of lightning hits the vault guard!!
Something touches you but does no damage.
You hear a shout!
You slice the storm dragon!! You burn the storm dragon.
The storm dragon is moderately wounded.
You hit the stone giant. You burn the stone giant.
You hit something but do no damage.
Something touches you but does no damage.
The storm dragon bites you but does no damage.
The storm dragon claws you but does no damage.
The storm dragon tramples you but does no damage.
The stone giant hits you but does no damage.
You feel much better.
You hear some strange, mumbled words.
A crystal spear appears from out of thin air!
The crystal spear hits you!!!!
You die...

########################
.........C...{§C§§b.....
..p.........{§p{@Db§....
######################..
..{ { .#.#{ ... .#.#
.... .#.


You could see a storm dragon, a stone giant and a vault guard.

Vanquished Creatures
  A dread lich (Vaults:5)
  A juggernaut (Depths:2)
  4 caustic shrikes
  A golden dragon (Depths:2)
  Jory (Vaults:5)
  A bone dragon (Depths:4)
  A lich (Vaults:4)
  Zenata (Vaults:1)
  A walking earthen tome (Depths:2)
  2 walking crystal tomes
  A titan (Depths:4)
  Asterion (Vaults:1)
  A quicksilver dragon (Vaults:5)
  4 deep elf master archers
  5 sphinxes
  8 shadow dragons
  3 thorn hunters
  4 storm dragons
  3 fenstrider witches (WizLab)
  8 tengu reavers
  Aizul (Elf:1)
  3 frost giants
  9 fire giants
  5 nagarajas
  2 iron dragons
  A deep elf sorcerer (Elf:3)
  Louise (Swamp:1)
  A draconian shifter (Depths:4)
  11 vault wardens
  2 deep elf elementalists
  An orc warlord (Vaults:2)
  3 spectral caustic shrikes (Depths:4)
  3 spriggan defenders (Depths:2)
  2 formless jellyfish (Vaults:2)
  10 stone giants
  A draconian annihilator (Depths:4)
  18 ironbound preservers
  19 very ugly things
  7 ironbound thunderhulks
  7 deep elf demonologists
  3 deep elf death magi (Elf:3)
  4 eleionomae
  3 bunyips
  3 war gargoyles
  3 vampire knights
  2 green draconians (Depths:4)
  A yellow draconian (Depths:4)
  4 deep elf annihilators (Elf:3)
  18 spark wasps
  Snorg (D:11)
  9 ettins
  3 jiangshi (Depths:1)
  9 fire dragons
  2 crystal guardians (Vaults:3)
  4 yaktaur captains
  4 shambling mangroves
  6 great orbs of eyes
  3 deep elf high priests
  2 entropy weavers
  Erolcha (D:13)
  22 hydras
  An ice dragon (Depths:3)
  4 salamander tyrants (Snake:4)
  15 vault guards
  7 ogre magi
  6 spriggan air magi
  4 alligators
  3 peacekeepers
  A sphinx zombie (D:15)
  8 ironbound frosthearts
  13 centaur warriors
  3 deep troll shamans
  2 two-headed ogres (shapeshifter)
  4 anacondas
  10 dancing weapons
  2 tengu warriors
  4 boulder beetles
  5 deep troll earth magi
  15 naga sharpshooters
  3 satyrs (WizLab)
  11 naga warriors
  15 two-headed ogres
  3 vampire magi
  9 spriggan berserkers
  9 deep elf knights
  2 skysharks (Lair:5)
  2 hell knights
  A skyshark (shapeshifter) (Elf:1)
  5 shock serpents
  A storm dragon zombie (D:15)
  A skeletal warrior (D:14)
  Lodul (D:10)
  4 arcanists
  4 naga ritualists
  4 goliath frogs
  2 glowing orange brains (Depths:1)
  2 salamander mystics
  51 deep trolls
  A flayed ghost (Depths:4)
  A spark wasp zombie (D:15)
  13 deep elf archers
  6 mana vipers
  A steelbarb worm (shapeshifter) (Depths:2)
  5 spriggan druids
  12 ironbound convokers
  A mana viper (shapeshifter) (Vaults:5)
  3 phantasmal warriors
  6 swamp dragons
  2 bog bodies (Swamp:2)
  A harpy (shapeshifter) (Elf:1)
  3 orc knights
  14 harpies
  3 lindwurms
  A tengu skeleton (Vaults:1)
  19 deep elf zephyrmancers
  2 necromancers
  An orc sorcerer (Orc:1)
  2 oklob plants (WizLab)
  17 deep elf pyromancers
  A wolf spider (D:12)
  16 salamanders
  A fire giant zombie (Vaults:3)
  7 elephants
  5 fauns (WizLab)
  2 will-o-the-wisps
  A stone giant zombie (Vaults:3)
  2 manticores
  13 ugly things
  7 cyclopes
  A meliai (shapeshifter) (Elf:1)
  A human skeleton (Vaults:1)
  3 guardian serpents
  2 frost giant skeletons (Vaults:3)
  18 vault sentinels
  18 naga magi
  32 black mambas
  14 cane toads
  A gargoyle (D:12)
  6 komodo dragons
  27 yaktaurs
  2 rime drakes
  2 freezing wraiths
  6 tengu conjurers
  2 kobold demonologists
  5 trolls
  6 polar bears
  A bloated husk (Swamp:4)
  3 merfolk (shapeshifter)
  7 tyrant leeches
  A glass eye (Depths:2)
  A troll (shapeshifter) (Elf:1)
  14 hornets
  5 dream sheep (Lair:4)
  Prince Ribbit (D:5)
  9 blink frogs
  A raiju (D:11)
  32 slime creatures
  A jumping spider (Vaults:3)
  4 air elementals
  A culicivora (Vaults:3)
  6 water elementals
  16 spriggans
  A centaur simulacrum (D:13)
  14 yaks
  A vampire (D:11)
  8 wyverns
  An elf zombie (Vaults:1)
  2 basilisks
  A warg (D:11)
  2 redbacks
  A redback (shapeshifter) (Vaults:5)
  2 steam dragons (D:8)
  34 nagas
  10 vampire mosquitoes
  14 swamp worms
  2 acid dragons
  7 water moccasins
  A water moccasin (shapeshifter) (D:13)
  11 orc warriors
  4 swamp drakes
  A black bear (D:7)
  A laughing skull (D:14)
  A boggart (Vaults:1)
  35 ogres
  2 sky beasts (D:7)
  A black bear (shapeshifter) (D:14)
  2 ice beasts
  17 wolves
  4 centaurs
  2 phantoms
  3 kobold brigands
  14 bullfrogs
  Blork the orc (D:4)
  A human zombie (Vaults:3)
  4 gnoll sergeants
  An earth elemental (Elf:3)
  A scorpion (Lair:1)
  3 wights (D:9)
  An electric eel (Lair:4)
  4 howler monkeys
  A bombardier beetle (D:5)
  3 lava snakes
  6 orc priests
  3 hounds
  A jelly (D:7)
  2 iguanas
  12 orc wizards
  10 gnolls
  6 adders
  A shadow imp (D:4)
  2 white imps
  2 ufetubi (D:6)
  5 ribbon worms
  3 dart slugs
  44 orcs
  5 bats
  10 endoplasms
  6 giant cockroaches
  10 goblins
  7 hobgoblins
  3 jackals (D:1)
  4 quokkas
  11 ball pythons
  5 frilled lizards
  6 kobolds
  6 rats (D:1)
  A spectral weapon (Vaults:1)
1311 creatures vanquished.

Vanquished Creatures (collateral kills)
  A juggernaut (Depths:1)
  Saint Roka (Vaults:2)
  A caustic shrike (Depths:1)
  A tentacled monstrosity (Vaults:5)
  2 deep elf blademasters (Elf:3)
  A sphinx (Vaults:2)
  Frances (D:14)
  3 shadow dragons
  2 tengu reavers
  Agnes (D:14)
  The ghost of zkyp the Severer, an adept AtHW of Gozag (Snake:1)
  2 storm dragons
  2 deep elf sorcerers
  4 fire giants
  A draconian shifter (Depths:4)
  2 frost giants
  A nagaraja (Snake:4)
  7 vault wardens
  A deep elf elementalist (Elf:3)
  9 ironbound preservers
  2 spriggan defenders
  5 stone giants
  4 very ugly things
  3 eleionomae
  2 white draconians (Depths:4)
  4 ironbound thunderhulks
  A black draconian (Depths:4)
  A deep elf demonologist (Elf:3)
  A vampire knight (Depths:3)
  2 deep elf annihilators (Elf:3)
  2 deep elf death magi (Elf:3)
  A dire elephant (Vaults:2)
  5 spark wasps
  A bunyip (Swamp:3)
  5 ettins
  An entropy weaver (Vaults:1)
  2 yaktaur captains
  4 fire dragons
  12 vault guards
  2 deep elf high priests
  A great orb of eyes (Vaults:4)
  A salamander tyrant (Snake:4)
  2 ogre magi
  4 hydras
  4 alligators
  2 boulder beetles
  4 naga warriors
  2 ironbound frosthearts
  6 dancing weapons
  A two-headed ogre (D:10)
  An anaconda (Snake:3)
  9 centaur warriors
  3 deep troll shamans
  A tengu warrior (D:15)
  A vampire mage (D:15)
  2 occultists
  An orc high priest (Vaults:2)
  8 spriggans
  2 spriggan berserkers (Depths:2)
  2 deep troll earth magi (Depths:2)
  6 hell knights
  A shadow wraith (Vaults:3)
  2 deep elf knights
  A skyshark (Lair:4)
  7 naga sharpshooters
  2 iron trolls
  A goliath frog (Swamp:4)
  A skeletal warrior (D:14)
  A skyshark (shapeshifter) (Depths:2)
  18 deep trolls
  8 deep elf archers
  2 glowing orange brains
  2 ironbound convokers
  A lindwurm (Vaults:3)
  A naga ritualist (Snake:4)
  5 harpies
  2 necromancers (Vaults:3)
  3 deep elf zephyrmancers
  A phantasmal warrior (Vaults:5)
  A stone giant zombie (Vaults:1)
  3 deep elf pyromancers
  6 orc sorcerers
  2 cyclopes
  4 will-o-the-wisps
  11 salamanders
  A manticore (D:14)
  A faun (WizLab)
  2 elephants (Lair:5)
  3 vault sentinels
  10 ugly things
  5 naga magi
  A torpor snail (Lair:4)
  A gargoyle (D:13)
  2 black mambas
  12 cane toads
  An unseen horror (shapeshifter) (D:13)
  A kobold demonologist (D:12)
  9 yaktaurs
  2 rime drakes
  A rime drake (shapeshifter) (Elf:3)
  4 komodo dragons
  2 trolls
  A polar bear (Lair:1)
  11 hornets
  A human skeleton (Vaults:1)
  A tyrant leech (Swamp:2)
  9 blink frogs
  2 glass eyes (Depths:2)
  3 dream sheep (Lair:4)
  A shadow (D:11)
  7 slime creatures
  A wyvern (shapeshifter) (Elf:3)
  2 water elementals (Elf:3)
  A wraith (D:13)
  9 yaks
  A basilisk (shapeshifter) (Elf:1)
  A fire elemental (Elf:1)
  4 vampire mosquitoes
  A steam dragon (D:9)
  4 swamp worms
  10 nagas
  An acid dragon (D:12)
  4 swamp drakes (Swamp:4)
  4 orc warriors
  A laughing skull (D:14)
  3 ice beasts (D:9)
  3 wolves
  3 ogres
  A black bear (D:6)
  3 boggarts (Vaults:1)
  2 centaurs (D:9)
  A kobold brigand (D:11)
  5 bullfrogs
  2 gnoll sergeants
  A wight (D:9)
  An electric eel (Lair:5)
  2 howler monkeys
  A lava snake (D:7)
  2 hounds
  5 orc priests
  An iguana (D:6)
  8 orc wizards
  15 gnolls
  An adder (D:4)
  A shadow imp (D:7)
  2 white imps
  30 orcs
  2 goblins (D:4)
  A hobgoblin (D:4)
  A ball python (D:4)
  2 kobolds (D:13)
  2 spectral weapons (Elf:3)
492 creatures vanquished.

Vanquished Creatures (others)
  An occultist (Depths:2)
  A bloated husk (Swamp:2)
  A human (D:4)
  38 battlemagi
  3 ancestors
  A kobold (D:4)
  9 foxfires
54 creatures vanquished.

Grand Total: 1857 creatures vanquished

Notes
Turn   | Place    | Note
-------+----------+-------------------------------------------
     0 | D:1      | gohu the Hill Orc Fighter began the quest for the Orb.
     0 | D:1      | Reached XP level 1. HP: 19/19 MP: 1/1
    62 | D:1      | Reached XP level 2. HP: 25/27 MP: 2/2
   306 | D:2      | Reached XP level 3. HP: 31/33 MP: 3/3
  1156 | D:3      | Found a hazy altar of Hepliaklqana.
  1164 | D:3      | Became a worshipper of Hepliaklqana the Forgotten
  1187 | D:3      | Reached XP level 4. HP: 40/40 MP: 4/4
  2199 | D:3      | Found a broken altar of Ashenzari.
  2268 | D:3      | Found a runed translucent door.
  2269 | D:3      | Noticed Crazy Yiuf
  2296 | D:3      | Found a glowing silver altar of Zin.
  2296 | D:3      | Found an opulent altar of Gozag.
  2404 | D:4      | Reached skill level 5 in Axes
  2430 | D:3      | Found a sparkling altar of Nemelex Xobeh.
  2484 | D:3      | Reached XP level 5. HP: 44/46 MP: 5/5
  2771 | D:5      | Entered Level 5 of the Dungeon
  2804 | D:4      | Reached * piety under Hepliaklqana
  2844 | D:4      | Found a shimmering altar of Xom.
  2901 | D:4      | Found a shadowy altar of Dithmenos.
  2911 | D:4      | Reached XP level 6. HP: 46/47 MP: 6/6
  3098 | D:4      | Noticed Blork the orc
  3118 | D:4      | Killed Blork the orc
  3178 | D:4      | Found an ancient bone altar of Kikubaaqudgha.
  3179 | D:4      | Noticed a human
  3181 | D:4      | Killed a human
  3411 | D:5      | Found a white marble altar of Elyvilon.
  3424 | D:5      | Noticed Prince Ribbit
  3507 | D:6      | Reached XP level 7. HP: 40/54 MP: 7/7
  3653 | D:5      | Reached skill level 5 in Fighting
  3709 | D:5      | Killed Prince Ribbit
  3710 | D:5      | Reached skill level 10 in Axes
  3710 | D:5      | Reached XP level 8. HP: 8/62 MP: 8/8
  3802 | D:5      | Found a transporter.
  3813 | D:5      | Found a transporter.
  3850 | D:5      | Reached ** piety under Hepliaklqana
  3851 | D:5      | Remembered your ancestor Ishtar-belessa as a battlemage
  3897 | D:5      | Found a staircase to the Ecumenical Temple.
  3926 | Temple   | Entered the Ecumenical Temple
  4212 | D:6      | Reached skill level 1 in Throwing
  4212 | D:6      | Reached skill level 5 in Armour
  4314 | D:6      | Found a hide-covered altar of Uskayaw.
  4360 | D:6      | Found Plog's Hydra Hut.
  4361 | D:6      | Noticed an eight-headed hydra
  4372 | D:6      | Bought a +1 war axe of flaming for 199 gold pieces
  4398 | D:6      | Noticed a hornet
  4423 | D:6      | Found a transporter.
  4427 | D:6      | Found a transporter.
  4428 | D:6      | Noticed dakkaduck's ghost (novice MiBe)
  4891 | D:7      | Found a glowing golden altar of the Shining One.
  4897 | D:8      | Found a basalt altar of Yredelemnul.
  4923 | D:7      | Reached XP level 9. HP: 59/67 MP: 9/9
  5223 | D:7      | Noticed a cyclops
  5231 | D:7      | Killed a cyclops
  5266 | D:7      | Identified the staff "Osoegg" {Str+4 Dex+3 Earth}
  5296 | D:7      | Reached skill level 5 in Shields
  5664 | D:8      | Reached XP level 10. HP: 71/75 MP: 10/10
  5938 | D:8      | Reached *** piety under Hepliaklqana
  6273 | D:9      | Noticed a two-headed ogre
  6280 | D:9      | Killed a two-headed ogre
  6281 | D:9      | Reached skill level 15 in Axes
  6282 | D:9      | Paralysed by a hornet for 3 turns
  6418 | D:9      | Noticed a two-headed ogre
  6425 | D:9      | Killed a two-headed ogre
  6584 | D:9      | Reached XP level 11. HP: 79/80 MP: 11/11
  6634 | D:9      | Found a staircase to the Lair.
  6693 | D:9      | Found a stormy altar of Qazlal.
  7281 | Lair:1   | Entered Level 1 of the Lair of Beasts
  7382 | Lair:1   | Reached **** piety under Hepliaklqana
  7486 | Lair:1   | Noticed an eight-headed hydra
  7495 | Lair:1   | Killed a five-headed hydra
  7663 | Lair:1   | Reached skill level 10 in Fighting
  7837 | Lair:1   | Reached skill level 10 in Armour
  8170 | Lair:1   | Reached skill level 1 in Invocations
  8170 | Lair:1   | Reached XP level 12. HP: 54/96 MP: 8/12
  9094 | Lair:2   | Found a staircase to the Swamp.
  9209 | Lair:2   | Reached ***** piety under Hepliaklqana
  9717 | Lair:3   | Identified a scroll of acquirement
  9718 | Lair:3   | Acquired the +9 chain mail "Echeits" {+Inv}
  9736 | Lair:3   | Noticed a seven-headed hydra
  9743 | Lair:3   | Killed a six-headed hydra
  9744 | Lair:3   | Reached skill level 5 in Invocations
 10180 | Lair:3   | Found a staircase to the Snake Pit.
 10449 | Lair:4   | Reached XP level 13. HP: 105/106 MP: 17/17
 10531 | Lair:5   | Entered Level 5 of the Lair of Beasts
 10878 | Lair:5   | Found a staircase to the Slime Pits.
 12256 | Lair:5   | Reached XP level 14. HP: 119/119 MP: 20/20
 12623 | Lair:5   | Identified the +2 scale mail "Yddoqoac" {*Slow Dex+3 SInv}
 12872 | Lair:5   | Reached skill level 15 in Fighting
 13634 | D:10     | Entered Level 10 of the Dungeon
 13664 | D:10     | Identified the +11 short sword of the Twelve Places {vamp,
                  | rElec rC++ Str+3}
 13854 | D:10     | Reached ****** piety under Hepliaklqana
 13953 | D:11     | Noticed Snorg
 13961 | D:11     | Killed Snorg
 13975 | D:11     | Found a staircase to the Orcish Mines.
 14286 | D:11     | Found a runed translucent door.
 14291 | D:11     | Noticed a storm dragon
 14292 | D:11     | Found a runed translucent door.
 14292 | D:11     | Found the +5 Storm Queen's Shield {shock, Fly rElec}
 14293 | D:11     | Found a runed translucent door.
 14452 | D:11     | Found a runed translucent door.
 15047 | D:10     | Found a bloodstained altar of Trog.
 15153 | D:10     | Noticed Lodul
 15164 | D:10     | Killed Lodul
 15994 | Orc:1    | Entered Level 1 of the Orcish Mines
 15994 | Orc:1    | Found a roughly hewn altar of Beogh.
 16293 | Orc:1    | Reached skill level 10 in Invocations
 16716 | Orc:2    | Entered Level 2 of the Orcish Mines
 16796 | Orc:2    | Found Noyn Ewu's Assorted Antiques.
 16796 | Orc:2    | Found Mukh's Distillery.
 16796 | Orc:2    | Found Mikhluah's Distillery.
 16796 | Orc:2    | Found Osyv Evu's Weapon Shoppe.
 16803 | Orc:2    | Reached XP level 15. HP: 110/129 MP: 0/23
 16962 | Orc:2    | Bought an orange potion for 29 gold pieces
 16962 | Orc:2    | Bought a white potion for 29 gold pieces
 16978 | Orc:2    | Bought a potion of mutation for 120 gold pieces
 16978 | Orc:2    | Bought a potion of might for 60 gold pieces
 16980 | Orc:2    | Bought a potion of might for 52 gold pieces
 16980 | Orc:2    | Bought a potion of heal wounds for 65 gold pieces
 16980 | Orc:2    | Bought a potion of curing for 39 gold pieces
 16980 | Orc:2    | Bought a potion of resistance for 130 gold pieces
 17043 | Orc:2    | Bought a scroll of identify for 66 gold pieces
 17043 | Orc:2    | Bought a pair of runed boots for 247 gold pieces
 17362 | Orc:2    | Found a staircase to the Elven Halls.
 18527 | D:12     | Found Odilet's Distillery.
 18530 | D:12     | Bought a potion of heal wounds for 55 gold pieces
 18530 | D:12     | Bought a potion of heal wounds for 55 gold pieces
 18530 | D:12     | Bought a potion of heal wounds for 55 gold pieces
 18530 | D:12     | Bought a potion of haste for 110 gold pieces
 18530 | D:12     | Bought a potion of haste for 110 gold pieces
 18530 | D:12     | Bought a potion of cancellation for 88 gold pieces
 18530 | D:12     | Bought 2 potions of haste for 220 gold pieces
 18633 | D:13     | Noticed Erolcha
 18640 | D:13     | Killed Erolcha
 19095 | D:13     | Found the +2 hood of the Assassin {Detect Stab+ Stlth++}
 19578 | D:13     | Reached skill level 15 in Armour
 20208 | D:14     | Reached skill level 1 in Dodging
 20220 | D:14     | Reached skill level 10 in Shields
 20353 | D:14     | Noticed Frances
 20360 | D:14     | Killed Frances
 20428 | D:15     | Entered Level 15 of the Dungeon
 20776 | D:14     | Reached XP level 16. HP: 139/139 MP: 25/25
 20789 | D:14     | Found a gate to the Vaults.
 20876 | D:14     | Noticed Agnes
 20882 | D:14     | Killed Agnes
 21294 | D:15     | Found a staircase to the Depths.
 21593 | D:15     | Found a glowing golden altar of the Shining One.
 21866 | D:15     | Reached skill level 5 in Throwing
 22081 | D:11     | Paralysed by an air elemental for 1 turns
 22094 | D:11     | Paralysed by an air elemental for 1 turns
 22300 | D:11     | Paralysed by an air elemental for 1 turns
 22305 | D:11     | Paralysed by an air elemental for 1 turns
 22376 | D:11     | Killed a storm dragon
 22616 | Snake:1  | Entered Level 1 of the Snake Pit
 23567 | Snake:1  | Found a large runed translucent door.
 23567 | Snake:1  | Found a large runed translucent door.
 23569 | Snake:1  | Noticed zkyp's ghost (adept AtHW)
 23573 | Snake:1  | Found the amulet of the Four Winds {rN+ Will+++ Clar}
 23593 | Snake:1  | Killed zkyp's ghost
 24392 | Snake:2  | Identified the +7 spear "Zonantul" {vamp, rElec Dex+3}
 24429 | Snake:2  | Identified the +2 helmet of Qazlal's Anger {rN+ rCorr
                  | Int+2}
 24590 | Snake:2  | Reached XP level 17. HP: 123/146 MP: 15/27
 24596 | Snake:2  | Got the Monograph on Assaults and the Arsonist
 24730 | Snake:2  | Found Heonep's Assorted Antiques.
 24740 | Snake:2  | Bought a scroll of teleportation for 99 gold pieces
 25269 | Snake:4  | Entered Level 4 of the Snake Pit
 26245 | Snake:3  | Found Ypeeraq's Book Shoppe.
 27095 | Swamp:1  | Entered Level 1 of the Swamp
 27095 | Swamp:1  | Noticed Louise
 27400 | Swamp:1  | Killed Louise
 27604 | Swamp:1  | You are sucked into a shaft and drop 1 floor!
 28142 | Swamp:2  | Reached skill level 15 in Invocations
 28768 | Swamp:3  | Reached XP level 18. HP: 156/156 MP: 27/29
 28888 | Swamp:4  | Entered Level 4 of the Swamp
 29939 | Swamp:4  | Got a decaying rune of Zot
 32243 | Snake:4  | Acquired 1158 gold pieces
 32287 | Snake:4  | Reached XP level 19. HP: 43/164 MP: 16/31
 32532 | Snake:4  | Got a serpentine rune of Zot
 33086 | Vaults:1 | Entered Level 1 of the Vaults
 33236 | Vaults:1 | Noticed Zenata
 33254 | Vaults:1 | Killed Zenata
 33827 | Vaults:1 | Found Nudushag's Book Shop.
 33847 | Vaults:1 | Noticed Asterion
 33861 | Vaults:1 | Killed Asterion
 35229 | Vaults:2 | Noticed Saint Roka
 36367 | Vaults:2 | Reached XP level 20. HP: 160/173 MP: 19/32
 37055 | Vaults:2 | Killed Saint Roka
 38770 | Vaults:3 | Reached skill level 15 in Shields
 39000 | Vaults:3 | Found a staircase to the Crypt.
 39398 | Vaults:3 | Reached XP level 21. HP: 183/183 MP: 31/34
 41078 | Vaults:4 | Identified the ring of Divine Intervention {Wiz rF- Int+7}
 41573 | Depths:1 | Entered Level 1 of the Depths
 41665 | Depths:1 | Found a gateway to Hell.
 41915 | Depths:1 | Noticed a caustic shrike
 41919 | Depths:1 | Killed a caustic shrike
 41948 | Depths:1 | Noticed a juggernaut
 42291 | Depths:1 | Killed a juggernaut
 42493 | Depths:1 | Identified the +1 scale mail of the Leaf {Rampage rF+
                  | Int+2}
 42565 | Depths:1 | Found a one-way gate to the infinite horrors of the Abyss.
 42761 | Depths:1 | Found a one-way gateway to a ziggurat.
 42761 | Depths:1 | Noticed an ancient lich
 42761 | Depths:1 | Noticed an ancient lich
 43883 | Depths:2 | Found a one-way gate leading to the halls of Pandemonium.
 44016 | Depths:2 | Noticed a caustic shrike
 44016 | Depths:2 | Noticed a caustic shrike
 44018 | Depths:2 | Noticed a caustic shrike
 44022 | Depths:2 | Killed a caustic shrike
 44035 | Depths:1 | Killed a caustic shrike
 44091 | Depths:1 | Killed a caustic shrike
 44092 | Depths:1 | Reached XP level 22. HP: 87/191 MP: 31/35
 45025 | Depths:2 | Reached skill level 27 in Axes
 45320 | Depths:2 | Noticed a caustic shrike
 45326 | Depths:2 | Killed a caustic shrike
 46088 | Depths:2 | Noticed a juggernaut
 46103 | Depths:2 | Killed a juggernaut
 46668 | Depths:2 | Noticed a golden dragon
 46681 | Depths:2 | Killed a golden dragon
 46818 | Depths:2 | Reached skill level 10 in Throwing
 46935 | Depths:2 | Got the Directory of the Glowing Vector
 47530 | Depths:3 | Found a shimmering blue altar of Sif Muna.
 47702 | Depths:3 | Identified the +7 great sword of the Burnt God {drain,
                  | rElec Dex+4}
 47722 | Depths:4 | Entered Level 4 of the Depths
 47740 | Depths:3 | Reached XP level 23. HP: 114/202 MP: 18/36
 47951 | Depths:4 | Found a magical portal.
 47956 | WizLab   | Entered Eringya's Formal Garden
 48165 | WizLab   | Got Eringya's Tome of Argyropoeia
 48871 | WizLab   | Found a blossoming altar of Fedhas.
 48897 | WizLab   | Learned a level 1 spell: Apportation
 49172 | Depths:4 | Reached skill level 1 in Evocations
 49779 | Depths:4 | Found a gate to the Realm of Zot.
 50740 | Elf:1    | Entered Level 1 of the Elven Halls
 50833 | Elf:1    | Found a radiant altar of Vehumet.
 50850 | Elf:1    | Paralysed by an air elemental for 1 turns
 50977 | Elf:1    | Identified the serpent talisman of Lufy {Dex+3 SInv}
 50977 | Elf:1    | Noticed Aizul
 50982 | Elf:1    | Killed Aizul
 51866 | Elf:2    | Reached XP level 24. HP: 222/222 MP: 36/36
 52295 | Elf:2    | Found a runed translucent gate.
 52295 | Elf:2    | Found a runed translucent gate.
 52295 | Elf:2    | Found a runed translucent gate.
 52321 | Elf:2    | Reached skill level 27 in Fighting
 52503 | Elf:3    | Entered Level 3 of the Elven Halls
 52695 | Elf:3    | Noticed Roxanne
 53384 | Elf:3    | Identified the ring of Hotzeergh {rPois rN+ Will- MP-9
                  | Int+5}
 53385 | Elf:3    | Identified the +2 broad axe of Ignis's Wrath {vamp, Fly
                  | rPois rN+}
 53658 | Elf:3    | Identified the +8 glaive of Abomination {spect, Will+ rCorr
                  | Stlth+}
 53686 | Elf:3    | Identified the ring of Xom's Bemusement {rPois rF+ rN+
                  | Str-3 Dex+4}
 53815 | Elf:3    | Identified the +1 ring mail of the Carpenter {+Blink}
 53853 | Elf:3    | Identified the staff of Trial by Ordeal {rElec rN+++ Dex-2
                  | Conj Air}
 53860 | Elf:3    | Identified the +0 pair of boots of Xaunil {Str-2 Int+4}
 53869 | Elf:3    | Identified the +0 pair of boots of Eternity {Str+5 Dex+3}
 53938 | Elf:3    | Identified the +4 short sword of the Sky {freeze, ^Fragile
                  | rPois rCorr Dex+3}
 53941 | Elf:3    | Identified the +1 scale mail "Deus" {Dex+4 Slay+5}
 53942 | Elf:3    | Identified the +1 robe "Segreupa" {Regen+ Str+3 Dex-4}
 54504 | Vaults:5 | Entered Level 5 of the Vaults
 54659 | Vaults:5 | Got a silver rune of Zot
 54937 | Vaults:5 | Reached skill level 1 in Spellcasting
 54937 | Vaults:5 | Reached skill level 1 in Translocations
 54949 | Vaults:5 | Reached XP level 25. HP: 170/231 MP: 10/36
 55051 | Vaults:5 | Noticed Jory
 55063 | Vaults:5 | Noticed a dread lich
 55066 | Vaults:5 | Killed Jory
 55073 | Vaults:5 | Killed a dread lich
 55085 | Vaults:5 | Noticed an ancient lich
 55118 | Vaults:5 | Killed from afar by an ancient lich

Illustrated notes

Levels and vault maps discovered:
D:1:      ebering_trefoil_twist, layout_basic, minmay_hexomino_c4
D:2:      layout_loops_ring
D:3:      layout_rooms, ashenzari_altar_1, nicolae_hepliaklqana_hazy_memory,
          grunt_temple_overflow_gold_and_silver, mainiacjoe_overflow_24_doors,
          uniq_crazy_yiuf_cottage
D:4:      layout_rooms, xom_confusion_cloud, tgw_kikubaaqudgha,
          old_standard_altar, minmay_joined_circles, uniq_blork_the_orc
D:5:      gammafunk_steamed_eel, layout_loops_ring,
          nicolae_elyvilon_peaceful_grove, minmay_misc_feat_enclosed,
          uniq_prince_ribbit1
D:6:      layout_cave_pools, nicolae_uskayaw_murder_on_the_dancefloor,
          gammafunk_ghost_hive, doesnt_shop_hydraphobe
D:7:      nzn_winding_woodlands_small [nzn_winding_woodlands_5x15_pockets,
          nzn_winding_woodlands_center_diamonds,
          nzn_winding_woodlands_5x15_parted], layout_loops_cross,
          lemuel_crystal_altar, minivault_11, dk_noncrumbling_4,
          kennysheep_cluttered_room
D:8:      layout_rooms, mainiacjoe_overflow_concentric_impassable
D:9:      layout_basic, nicolae_qazlal_general_emergency,
          hellmonk_lair_entry_icy, minmay_increasing_density
D:10:     layout_stronghold, kennysheep_little_box, uniq_lodul
D:11:     layout_roguey, kennysheep_orc_monster_closet_entryway,
          grunt_decor_clamped, nicolae_guarded_unrand_storm_shield, uniq_snorg
D:12:     layout_irregular_city, serial_shops, nicolae_shop_tiny_real_fake_doors
D:13:     minmay_crescents, layout_loops_ring, minivault_25, uniq_erolcha
D:14:     layout_cave_pods, erik_vaults_1, serial_column_ruins,
          column_ruins_open_small_water, column_ruins_open_large,
          column_ruins_grid_1, column_ruins_corridor_corner,
          column_ruins_open_tiny, uniq_frances, uniq_agnes
D:15:     gammafunk_depths_entry_grave, layout_cave_pools, lemuel_doored_altar
Temple:   nicolae_temple_bog_church
Lair:1:   layout_regular_city, cheibrodos_lair_lostbears
Lair:2:   layout_gridlike, swamp_mist, minmay_hedge_maze,
          small_statue_intersection
Lair:3:   layout_cave_pods, dummy_snake_entry, minmay_lindwurm_lava,
          infiniplex_staircase_pool_2
Lair:4:   layout_loops_ring, grunt_megastairs_4, lemuel_fruit_tree,
          infiniplex_staircase_pool, serial_bayou_shore_b, serial_bayou_shore_b
Lair:5:   minmay_lair_end_frog_pond, layout_cave_pods, slime_entry_1
Swamp:1:  layout_basic_swamp, evilmike_swamp_ruin_rubble_2, swamp_pool_1_2,
          uniq_louise
Swamp:2:  layout_falls_marsh, serial_swamp_ruin, evilmike_swamp_ruin_house_2,
          evilmike_swamp_ruin_house_6, hangedman_swamp_ruin_wall
Swamp:3:  layout_basic_swamp, nicolae_swamp_rocky_clearing
Swamp:4:  swamp, layout_basic_swamp, swamp_pool_4
Snake:1:  layout_basic, ebering_ghost_disaster_area
Snake:2:  layout_honeycomb, serial_shops, shop_fountains,
          nicolae_snake_salamander_zone
Snake:3:  layout_chambers, serial_shops, nicolae_book_shop_shelving,
          grunt_megastairs_2
Snake:4:  snake_pit, layout_layer_cave
Orc:1:    layout_diamond_mine, nicolae_orc_beogh_chapel
Orc:2:    st_orc_ogre_mass, layout_caves
Elf:1:    eino_elf_arrival_altar, layout_gridlike,
          nicolae_elf_shapeshifter_party, serial_sigils_hangedman_scar,
          uniq_aizul
Elf:2:    elven_hall_of_blades_hangedman_original [nicolae_blade_bullseye],
          layout_gridlike
Elf:3:    elf_hall, layout_loops_cross, serial_sigils,
          serial_sigils_hangedman_shear, serial_sigils_hangedman_carve,
          serial_sigils_hangedman_gut, serial_sigils_hangedman_shear,
          st_stairs_8, uniq_roxanne
Vaults:1: nicolae_vaults_security_offices_2, nicolae_vaults_double_plus_2,
          nicolae_vaults_tangram_2, nicolae_vaults_storage_closets_3,
          grunt_vaults_funnel, hangedman_vaults_capsules, v_rooms_3,
          nicolae_vaults_cochlea, nicolae_vaults_house_1, vaults_dpeg_diagonal,
          v_pattern_1, layout_vaults_omnigrid, serial_shops,
          nicolae_shop_hallway_plus, uniq_asterion, uniq_zenata
Vaults:2: nicolae_vaults_cornered_office, v_misc_28,
          ontoclasm_vaults_ring_small, nicolae_vaults_closet_pinwheel_4,
          vaults_standard_mumra_x, dpeg_vaults_pockets_of_resistance, v_misc_10,
          hangedman_vaults_nodes, ontoclasm_vaults_ring_large,
          nicolae_vaults_diamond_1, ontoclasm_vaults_fault, vaults_room_grid,
          layout_vaults_omnicross, serial_shops, uniq_saint_roka
Vaults:3: hangedman_vaults_slither, vaults_mumra_bighexcomb, v_alt_pattern_4,
          v_pattern_4, minmay_crypt_entry_simple_corners, v_rooms_6,
          hangedman_vaults_impose, nicolae_vaults_tetromino_Z_2,
          nicolae_vaults_surprise_closet, v_misc_18, layout_vaults_maze_bifur
Vaults:4: ontoclasm_vaults_eye, nicolae_vaults_steering_wheel,
          nicolae_vaults_angled_halls, nicolae_vaults_closet_pinwheel_5,
          nicolae_vaults_two_Ls, nicolae_vaults_diagonal_hallway_8,
          nicolae_vaults_antechamber_and_loot_room,
          nicolae_vaults_little_squares_3, nicolae_vaults_surprise_closet,
          layout_vaults_big_room
Vaults:5: uniq_jory
Depths:1: layout_cave_shapes, enter_ziggurat_d, pf_vacation_house_of_asmodeus,
          serial_bayou_pond_c, abyss_entry_crystal, chequers_decorated_corner,
          minmay_the_grid_2x2 [minmay_the_grid_paths,
          minmay_the_grid_minigrid_small_alt, minmay_the_grid_dragon_a,
          minmay_the_grid_prize_four_corners]
Depths:2: grunt_bent_corner, layout_cave_shapes, serial_co_window_serial,
          co_window_of_opportunity_a, co_window_corner_a, co_window_corner_a,
          co_window_paths_a, co_window_paths_b, co_window_cross_1,
          co_window_corner_a, co_window_broadway_c, co_window_paths_c,
          co_window_of_opportunity_b, co_window_paths_c, co_window_corner_cb,
          co_window_cross_3, co_window_of_opportunity_c, glass_columns_c,
          glass_columns_a, glass_columns_c, glass_columns_a, hell_entry,
          chequers_hall_statues_corner_a, pan_entry
Depths:3: kennysheep_four_of_diamonds, layout_cave_pools, lemuel_blue_sif_altar,
          hell_entry, abyss_entry, grunt_decor_junction, dreamdust_wishing_well
Depths:4: grunt_zot_entry_pinwheel, layout_basic, hangedman_abyss_entry_splay,
          mu_enter_wizlab_2, pf_hell_entry_tar_river

Skill      XL: |  1  2  3  4  5  6  7  8  9 10 11 12 13 14 15 16 17 18 19 20 21 22 23 24 25 |
---------------+----------------------------------------------------------------------------+-----
Axes           | 3 4 5 6 8 10 11 13 15 16 17 19 20 21 23 24 25 26 27 | 27.0
Fighting       | 4 5 6 7 10 12 14 16 17 18 19 20 21 22 26 27 | 27.0
Armour         | 4 5 7 10 12 13 14 15 16 17 18 21 | 21.7
Shields        | 4 5 6 7 8 9 10 12 13 14 15 17 | 17.7
Throwing       | 1 2 4 5 6 8 10 11 12 | 12.0
Invocations    | 1 5 8 10 12 13 15 16 17 18 19 | 19.9
Dodging        | 1 2 3 4 |  4.6
Evocations     | 3 |  3.4
Spellcasting   | 1 3 |  3.4
Translocations | 1 3 |  3.8

Action                     |  1- 3 |  4- 6 |  7- 9 | 10-12 | 13-15 | 16-18 | 19-21 | 22-24 | 25-27 || total
---------------------------+-------+-------+-------+-------+-------+-------+-------+-------+-------++-------
  Melee: War axe           |    98 |   190 |   174 |   273 |   490 |       |       |       |       ||  1225
         Broad axe         |       |       |       |       |   229 |   819 |   733 |   970 |    41 ||  2792
  Throw: Boomerang         |       |       |    32 |    71 |    33 |    49 |    79 |       |       ||   264
         Javelin           |       |       |       |    22 |    11 |       |     8 |    25 |       ||    66
 Invoke: Recall Ancestor   |       |     1 |       |       |     1 |     5 |     1 |     1 |       ||     9
         Ancestor Life: Ba |       |       |     1 |       |       |       |       |       |       ||     1
         Idealise          |       |       |       |       |     4 |     4 |     3 |     4 |     1 ||    16
         Transference      |       |       |       |       |     1 |     1 |     1 |     1 |       ||     4
  Evoke: Wand              |       |     3 |       |     1 |       |       |       |       |       ||     4
    Use: Potion            |       |       |     1 |       |     1 |     3 |     3 |     5 |     2 ||    15
         Scroll            |       |       |       |    12 |    12 |    15 |     6 |     7 |     3 ||    55
   Stab: Paralysed         |       |     7 |       |       |       |       |       |       |       ||     7
         Distracted        |       |       |     1 |     5 |    17 |    18 |    15 |    21 |     2 ||    79
         Invisible         |       |       |       |       |       |       |       |     1 |       ||     1
 Armour: Scale mail        |    53 |    48 |       |       |       |       |       |       |       ||   101
         Chain mail        |       |    65 |   108 |    18 |   563 |   599 |   449 |   190 |       ||  1992
         Plate armour      |       |       |    39 |   274 |       |       |       |       |       ||   313
         Gold dragon scale |       |       |       |       |       |       |       |   439 |    43 ||   482
  Dodge: Dodged            |    45 |    59 |    52 |    75 |   287 |   193 |   146 |   151 |     4 ||  1012
  Block: Buckler           |    22 |    29 |    34 |    72 |   154 |    28 |       |       |       ||   339
         Kite shield       |       |       |       |       |       |   499 |   485 |   592 |    34 ||  1610
